 Dungeon Crawl Stone Soup version 0.30-a0-145-g03d90e2e6d (webtiles) character file.

Game seed: 8724265022398999610

70 qw the Chopper (level 4, 0/28 HPs)
             Began as a Gargoyle Fighter on Sept 26, 2022.
             Slain by Ijyb
             ... wielding a +0 dagger
              (4 damage)
             ... on level 3 of the Dungeon.
             The game lasted 00:00:41 (1880 turns).

qw the Chopper (Gargoyle Fighter)                   Turns: 1880, Time: 00:00:41

Health: 0/28       AC: 11    Str: 22    XL:     4   Next: 22%
Magic:  0/4        EV:  9    Int:  8    God:
Gold:   78         SH:  4    Dex:  9    Spells: 3/3 levels left

rFire   . . .      SeeInvis .    Y - +0 war axe
rCold   . . .      Faith    .    c - +0 buckler
rNeg    + . .      Spirit   +    b - +0 scale mail
rPois   inf        Reflect  .    (no helmet)
rElec   +          Harm     .    m - +0 cloak
rCorr   .          Rampage  .    (no gloves)
Will    .....                    (no boots)
Stlth   ..........               a - amulet of guardian spirit
HPRegen 0.09/turn                (no ring)
MPRegen 0.09/turn                (no ring)

@: no status effects
A: sickness immunity, AC +3, negative energy resistance 1, electricity
resistance, torment resistance 1, petrification resistance
a: no special abilities


You were on level 3 of the Dungeon.
You visited 1 branch of the dungeon, and saw 3 of its levels.

You collected 78 gold pieces.


Innate Abilities, Weirdness & Mutations

You are immune to sickness and miasma.
Your stone body is resilient. (AC +3)
You are immune to poison.
You resist negative energy. (rN+)
You are resistant to electric shocks. (rElec)
You are resistant to unholy torment.
You are immune to petrification.


   Skills:
 - Level 3.2 Fighting
 + Level 4.0 Axes
 - Level 3.2 Armour
 - Level 3.2 Shields


You had 3 spell levels left.
You didn't know any spells.
Your spell library was empty.

Inventory:

Hand Weapons
 n - a +0 whip
 Y - a +0 war axe (weapon)
Missiles
 e - 3 boomerangs (quivered)
Armour
 b - a +0 scale mail (worn)
 c - a +0 buckler (worn)
 m - a +0 cloak (worn)
Jewellery
 a - an amulet of guardian spirit (around neck)
Scrolls
 h - a scroll of identify
Potions
 d - a potion of might
 g - a potion of curing
 i - a potion of flight {unknown}
 j - a potion of brilliance {unknown}
 k - a potion of lignification {unknown}
 l - a potion of attraction {unknown}
 o - a potion of haste {unknown}

Dungeon Overview and Level Annotations

Branches:
Dungeon (3/15)

Altars:

Annotations:
D:3 Ijyb


Message History

You slash Ijyb!
Ijyb is moderately wounded.
Ijyb completely misses you.
You barely miss Ijyb.
Ijyb is moderately wounded.
Ijyb hits you with a +0 dagger.
You barely miss Ijyb.
Ijyb is moderately wounded.
Ijyb screams, "I cut your head off!" Ijyb closely misses you.
Ijyb barely misses you.
You barely miss Ijyb.
Ijyb is moderately wounded.
Ijyb drinks a potion.
Ijyb goes berserk!
You barely miss Ijyb.
Ijyb is moderately wounded.
Ijyb hits you with a +0 dagger! You block Ijyb's attack.
You closely miss Ijyb.
Ijyb is moderately wounded.
You block Ijyb's attack. Ijyb hits you but does no damage.
You closely miss Ijyb.
Ijyb is moderately wounded.
Ijyb hits you but does no damage.
A rat comes into view.
Ijyb hits you with a +0 dagger!
You closely miss Ijyb.
Ijyb is moderately wounded.
You block Ijyb's attack. Ijyb barely misses you.
You closely miss Ijyb.
Ijyb is moderately wounded.
Ijyb hits you but does no damage. x2
You closely miss Ijyb.
Ijyb is moderately wounded.
Ijyb barely misses you. You block Ijyb's attack.
You slash Ijyb!
Ijyb is heavily wounded.
Ijyb completely misses you. Ijyb hits you but does no damage.
You hit Ijyb but do no damage.
Ijyb is heavily wounded.
Ijyb hits you with a +0 dagger! Ijyb hits you with a +0 dagger.
You die...

. .. #.# #.###
##...###
#..#...###
##........#####
#..........@gr#
##........#.##...#
#...).#.....#
.#...#
##.#).......## .K
.... #...........#
... ...
#.#.)......## ...g
.# #)###...#..#
..#.. .
##...###...##
......
#..#...###.#


You could see Ijyb (berserk) and a rat.

Vanquished Creatures
  2 adders
  2 dart slugs (D:1)
  4 orcs (D:3)
  5 ball pythons
  3 bats
  7 endoplasms
  A giant cockroach (D:2)
  3 goblins
  2 hobgoblins (D:1)
  4 kobolds
  2 quokkas (D:1)
  2 frilled lizards
  A rat (D:1)
38 creatures vanquished.

Notes
Turn   | Place    | Note
-------+----------+-------------------------------------------
     0 | D:1      | qw the Gargoyle Fighter began the quest for the Orb.
     0 | D:1      | Reached XP level 1. HP: 14/14 MP: 1/1
     0 | D:1      | 0 ||| qw: Version: 0.2-a-10-g399e6c4
     0 | D:1      | 0 ||| qw: Game counter: 498
     0 | D:1      | 0 ||| qw: Always use a shield: true
     0 | D:1      | 0 ||| qw: God list: Okawaru
     0 | D:1      | 0 ||| qw: Allow faded altars: false
     0 | D:1      | 0 ||| qw: Do Orc after D:15 true
     0 | D:1      | 0 ||| qw: Do second Lair branch before Depths: true
     0 | D:1      | 0 ||| qw: Lair rune preference: random
     0 | D:1      | 0 ||| qw: Plans: Normal, Zot:1-4, God:TSO, Crypt, Tomb,
                  | Pan, Slime:5, Hells, Abyss, Orb
     0 | D:1      | 0 ||| PLANNING D:1-11
    19 | D:1      | Reached skill level 2 in Axes
    67 | D:1      | Reached XP level 2. HP: 19/19 MP: 2/2
    98 | D:1      | 98 ||| Stepping ~*~*~tactically~*~*~ (hiding).
   426 | D:1      | Found Beefua's Antique Armour Shop.
   518 | D:1      | 518 ||| DROPPING +0 club.
   541 | D:1      | Reached skill level 3 in Axes
   715 | D:1      | 715 ||| DROPPING ring of flight.
   716 | D:1      | 716 ||| READING scroll labelled LUMIPN QUYSOAJ.
   717 | D:1      | 717 ||| READING scroll labelled KUMUIRPH FESCHI.
   718 | D:1      | 718 ||| READING scroll labelled FIDISI ZEOJA.
   719 | D:1      | 719 ||| READING scroll labelled FOOTUS HUOPICIAZ.
   788 | D:2      | Reached XP level 3. HP: 14/23 MP: 3/3
  1016 | D:2      | 1016 ||| FLEEEEING.
  1090 | D:2      | 1090 ||| Stepping ~*~*~tactically~*~*~ (stealth).
  1104 | D:2      | 1104 ||| Stepping ~*~*~tactically~*~*~ (stealth).
  1124 | D:2      | 1124 ||| Stepping ~*~*~tactically~*~*~ (stealth).
  1127 | D:2      | 1127 ||| Stepping ~*~*~tactically~*~*~ (stealth).
  1130 | D:2      | 1130 ||| Stepping ~*~*~tactically~*~*~ (stealth).
  1476 | D:2      | 1476 ||| UPGRADING to +0 cloak.
  1481 | D:2      | 1481 ||| UPGRADING to amulet of guardian spirit.
  1486 | D:2      | 1486 ||| READING scroll labelled MYIX JUXANN.
  1587 | D:2      | 1587 ||| READING 2 scrolls of identify.
  1587 | D:2      | 1587 ||| IDENTIFYING puce potion
  1644 | D:3      | Found a faded altar of an unknown god.
  1717 | D:3      | 1717 ||| Stepping ~*~*~tactically~*~*~ (stealth).
  1733 | D:3      | Reached XP level 4. HP: 20/28 MP: 2/4
  1741 | D:3      | Reached skill level 4 in Axes
  1862 | D:3      | Noticed Ijyb
  1863 | D:3      | 1863 ||| Stepping ~*~*~tactically~*~*~ (hiding).
  1880 | D:3      | HP: 4/28 [Ijyb/+0 dagger (6)]
  1880 | D:3      | Slain by Ijyb

Levels and vault maps discovered:
D:1:      roderic_dead_forest, layout_rooms, serial_shops, shop
D:2:      layout_basic, kennysheep_generic_room_15
D:3:      minmay_skewed_foursquare, layout_basic,
          ebering_ecumenical_altar_abandoned, serial_curves, eino_curves_03,
          eino_curves_01, eino_curves_04, uniq_ijyb

Skill      XL: |  1  2  3  4 |
---------------+-------------+-----
Axes           | 2 3 4 |  4.0
Fighting       | |  3.2
Armour         | |  3.2
Shields        | |  3.2

Action                   |  1- 3 |  4- 6 || total
-------------------------+-------+-------++-------
Melee: War axe           |   103 |    22 ||   125
Throw: Boomerang         |     8 |       ||     8
  Use: Scroll            |     6 |       ||     6
Armor: Scale mail        |    40 |    11 ||    51
Dodge: Dodged            |    57 |    12 ||    69
Block: Buckler           |    16 |     5 ||    21

Table legend:
 A = Non-vault XP
 B = Vault XP
 C = Vault XP percentage of total XP
 D = Non-vault monster count
 E = Vault monster count
 F = Vault count percentage of total count
                 A         B        C        D         E       F
            +---------+---------+-------+---------+---------+-------
      Total |      98 |       3 |   3.0 |      36 |       2 |   5.3
            +---------+---------+-------+---------+---------+-------
        D:1 |      32 |       0 |   0.0 |      15 |       0 |   0.0
        D:2 |      40 |       2 |   4.8 |      16 |       1 |   5.9
        D:3 |      26 |       1 |   3.7 |       5 |       1 |  16.7
            +---------+---------+-------+---------+---------+-------
